 Dungeon Crawl Stone Soup version 0.14.1-1-g650416f (webtiles) character file.

3721 RepoMan the Carver (level 10, -5/53 HPs)
             Began as a Vine Stalker Berserker on May 2, 2014.
             Was a High Priest of Trog.
             Slain by a guardian mummy (23 damage)
             ... in an ossuary.
             The game lasted 01:13:20 (6928 turns).

RepoMan the Carver (Vine Stalker Berserker)         Turns: 6928, Time: 01:13:21

HP  -5/53        AC  2     Str 21      XL: 10   Next: 11%
MP   0/13        EV 15     Int  7      God: Trog [*****.]
Gold 84          SH  0     Dex 16      Spells:  0 memorised,  9 levels left

rFire  . . .     SeeInvis .     a - +0 falchion
rCold  . . .     Clarity  .     b - +0 animal skin
rNeg   . . .     Conserve .     (no shield)
rPois  .         rCorr    .     (no helmet)
rElec  .         rRot     +     (no cloak)
SustAb . .       Spirit   +     (no gloves)
rMut   .         Warding  .     (no boots)
Saprov . . .     Stasis   .     (no amulet)
MR     +....                    (no ring)
                                (no ring)

@: drained, somewhat resistant to hostile enchantments, stealthy
A: fangs 3, regeneration 2, magic shield, antimagic bite, no device heal
a: Burn Spellbooks, Berserk, Trog's Hand, Brothers in Arms, Renounce Religion


You were in an ossuary.
You worshipped Trog.
Trog was extremely pleased with you.
You were not hungry.

You visited 2 branches of the dungeon, and saw 9 of its levels.
You also visited: Ossuary and Bailey.

You collected 197 gold pieces.
You spent 113 gold pieces at shops.

Inventory:

Hand weapons
 a - a +0,+0 falchion (weapon)
 f - a +0,+0 dagger of venom
 N - a cursed +0,+0 great sword
 S - a +0,+3 anti-magic lajatang
 U - a cursed -2,+0 scimitar
Missiles
 m - 10 exploding darts
 o - 4 needles of sleeping
 p - 14 arrows of flame
 q - 15 darts of frost
 C - 20 poisoned needles
 M - 9 poisoned darts
 P - 12 bolts
 W - 16 tomahawks of returning
 X - 4 javelins (quivered)
Armour
 b - a +0 animal skin (worn)
 e - a +0 leather armour
 B - a +1 ring mail of fire resistance
 J - a +0 cloak
Magical devices
 v - a wand of magic darts (15)
 L - a wand of disintegration (3)
 O - a wand of polymorph (5)
 Q - a wand of flame (7)
 R - a wand of enslavement (10) {unknown}
Comestibles
 c - 6 bread rations
 r - 2 meat rations
 Y - a chunk of giant gecko flesh
Scrolls
 d - 3 scrolls of teleportation {unknown}
 g - 4 scrolls of remove curse {unknown}
 h - 4 scrolls of recharging {unknown}
 j - 4 scrolls of enchant armour {unknown}
 k - a scroll of immolation {unknown}
 l - a scroll of amnesia {unknown}
 n - 2 scrolls of enchant weapon I {unknown}
 t - 3 scrolls of random uselessness {unknown}
 u - 2 scrolls of fog {unknown}
 y - 7 scrolls of identify
 A - 2 scrolls of magic mapping {unknown}
 K - 2 scrolls of noise {unknown}
 T - a scroll of summoning {unknown}
Jewellery
 I - an uncursed amulet of resist mutation {unknown}
Potions
 i - a potion of agility {unknown}
 s - a potion of haste {unknown}
 w - a potion of flight {unknown}
 x - 2 potions of might {unknown}
 z - 6 potions of curing
 D - a potion of magic {unknown}
 E - 2 potions of berserk rage {unknown}
 F - 3 potions of invisibility {unknown}
 G - a potion of heal wounds {unknown}
 H - 3 potions of restore abilities {unknown}
 V - a potion of poison {unknown}


   Skills:
 + Level 6.3(6.0) Fighting
 * Level 8.8(8.5) Long Blades
 + Level 5.2(4.9) Armour
 + Level 5.2(4.9) Dodging
 - Level 3.1(2.8) Stealth


You had 9 spell levels left.
You didn't know any spells.

Dungeon Overview and Level Annotations

Branches:
Dungeon (8/15)             Temple (1/1) D:6
   Lair: D:8-11

Altars:
Dithmenos
Elyvilon
Makhleb
Nemelex Xobeh
Okawaru
Sif Muna
Trog
Xom
Yredelemnul
Zin
The Shining One
Lugonu

Shops:
D:6 (%(%*   D:7 :


Innate Abilities, Weirdness & Mutations

You are immune to rotting.
You have razor-sharp teeth.
You heal very quickly.
When hurt, damage is shared between your health and your magic reserves.
Your bite disrupts and absorbs the magic of your enemies.
Potions and wands cannot restore your HP.


Message History

The guardian mummy is severely damaged.
The guardian mummy closely misses you.
You barely miss the guardian mummy.
The guardian mummy is severely damaged.
The guardian mummy hits you.
You barely miss the guardian mummy.
You bite the guardian mummy, but do no damage.
The guardian mummy is severely damaged.
The guardian mummy hits you.
You hit the guardian mummy.
You bite the guardian mummy, but do no damage.
The guardian mummy is severely damaged.
You hit the guardian mummy but do no damage.
You bite the guardian mummy, but do no damage.
The guardian mummy is severely damaged.
The guardian mummy hits you!
You barely miss the guardian mummy. Your bite misses the guardian mummy.
The guardian mummy is severely damaged.
The guardian mummy hits you!
You die...

############
#..@........
#.M##..###.. #.#.#
.#z#. ###### ###
#.###..###. .....# #z#
#.........
.8.8.#####▓###.###..!??
.......'.....'.#z#. !?
.8.8.#####▓###.# #../
.....# #M# #... ....


You could see a guardian mummy and a flying skull.

Vanquished Creatures
  The ghost of ant87 the Slasher, an experienced MiBe of Trog (D:6)
  A hungry ghost (D:7)
  A necrophage (D:7)
  2 ice beasts
  3 ogres
  An orc warrior (D:7)
  A sky beast (D:6)
  A phantom (D:6)
  A big kobold (D:7)
  5 giant frogs
  2 elf skeletons (D:8)
  2 scorpions (D:7)
  A hippogriff zombie (D:6)
  An eye of draining (D:7)
  12 wights
  A crimson imp (D:6)
  Crazy Yiuf (D:5)
  A centaur skeleton (D:5)
  2 hounds
  3 orc priests
  4 iguanas
  6 orc wizards
  Natasha (twice) (D:4 D:3)
  5 worker ants
  A mummy (D:7)
  A worker ant zombie (D:5)
  7 gnolls
  5 adders
  4 shadow imps
  4 worms
  A giant mite (D:4)
  A goliath beetle zombie (D:7)
  2 adder zombies
  2 giant eyeballs
  14 orcs
  17 bats
  A bat zombie (D:7)
  6 giant cockroaches
  19 goblins
  20 hobgoblins
  11 jackals
  4 quokkas
  A ball python skeleton (Ossuary)
  4 giant geckos
  4 giant newts
  A hobgoblin skeleton (Ossuary)
  3 hobgoblin zombies (Ossuary)
  15 kobolds
  3 kobold zombies
  An orc skeleton (D:8)
  14 rats
  A fungus (D:5)
227 creatures vanquished.

Notes
Turn   | Place    | Note
--------------------------------------------------------------
     0 | D:1      | RepoMan, the Vine Stalker Berserker, began the quest for the Orb.
     0 | D:1      | Reached XP level 1. HP: 11/11 MP: 1/1
   149 | D:1      | Reached skill level 3 in Long Blades
   237 | D:1      | Reached XP level 2. HP: 16/16 MP: 3/3
   554 | D:1      | Acquired Trog's second power
   781 | D:2      | Reached XP level 3. HP: 17/19 MP: 4/4
  1660 | D:3      | Reached XP level 4. HP: 18/24 MP: 3/5
  2058 | D:3      | Reached XP level 5. HP: 17/28 MP: 2/7
  2244 | D:3      | Found an iron altar of Okawaru.
  2340 | D:4      | Reached skill level 4 in Long Blades
  2433 | D:4      | Found a shadowy altar of Dithmenos.
  2444 | D:4      | Gained mutation: You heal very quickly. [vine stalker growth]
  2444 | D:4      | Reached XP level 6. HP: 19/33 MP: 4/8
  2663 | D:4      | Noticed an ice beast
  2670 | D:4      | Killed an ice beast
  2687 | D:4      | Acquired Trog's third power
  2713 | D:4      | Found a burning altar of Makhleb.
  2802 | D:4      | Reached XP level 7. HP: 37/37 MP: 9/9
  2805 | D:4      | Reached skill level 5 in Long Blades
  2983 | D:4      | Noticed Natasha
  2993 | D:4      | Killed Natasha
  3231 | D:4      | Noticed Natasha
  3240 | D:3      | Killed Natasha
  3523 | D:5      | Entered Level 5 of the Dungeon
  3782 | D:5      | Paralysed by a giant eyeball for 2 turns
  3785 | D:5      | Paralysed by a giant eyeball for 4 turns
  3899 | D:5      | Gained mutation: You have razor-sharp teeth. [vine stalker growth]
  3899 | D:5      | Reached XP level 8. HP: 19/42 MP: 7/11
  3961 | D:5      | Noticed Crazy Yiuf
  3969 | D:5      | Killed Crazy Yiuf
  3969 | D:5      | Reached skill level 6 in Long Blades
  4463 | D:6      | Found a staircase to the Ecumenical Temple.
  4468 | Temple   | Entered the Ecumenical Temple
  4599 | D:6      | Found a glowing golden altar of the Shining One.
  4682 | D:6      | Found Isieran's Antique Weapon Shoppe.
  4757 | D:6      | Found Joumyo's Food Boutique.
  4794 | D:6      | Found Frekh's Antique Weapon Shoppe.
  4917 | D:6      | Found Bizik's Food Emporium.
  4946 | D:6      | Reached skill level 5 in Fighting
  5024 | D:6      | Reached skill level 1 in Stealth
  5055 | D:6      | Found Mne Deor's General Store.
  5058 | D:6      | Bought a scroll of identify for 26 gold pieces
  5058 | D:6      | Bought a potion of curing for 26 gold pieces
  5166 | D:6      | Noticed ant87's ghost (experienced MiBe)
  5186 | D:6      | Killed ant87's ghost
  5186 | D:6      | Reached skill level 7 in Long Blades
  5186 | D:6      | Reached XP level 9. HP: 22/47 MP: 9/12
  5217 | D:6      | Bought a bread ration for 61 gold pieces
  5706 | D:7      | Found Gripn's Book Emporium.
  5778 | D:7      | Found a bloodstained altar of Trog.
  5818 | D:7      | Reached skill level 8 in Long Blades
  6170 | D:7      | Reached skill level 5 in Armour
  6170 | D:7      | Reached skill level 5 in Dodging
  6207 | D:7      | Found a flagged portal.
  6212 | Bailey   | Entered a bailey
  6223 | Bailey   | Received a gift from Trog
  6368 | D:7      | Reached XP level 10. HP: 53/53 MP: 13/13
  6776 | D:8      | Found a sand-covered staircase.
  6781 | Ossuary  | Entered an ossuary
  6928 | Ossuary  | Slain by a guardian mummy

Action                   |  1- 3 |  4- 6 |  7- 9 | 10-12 || total
-------------------------+-------+-------+-------+-------++-------
Melee: Falchion          |   113 |   126 |   396 |    72 ||   707
       Unarmed           |       |       |     4 |       ||     4
Throw: Javelin           |       |       |     7 |       ||     7
       Dart              |       |       |     2 |       ||     2
Invok: Berserk           |     2 |     3 |     8 |       ||    13
       Burn Spellbooks   |       |     1 |       |       ||     1
       Trog's Hand       |       |       |     2 |       ||     2
Evoke: Wand              |       |       |     9 |     1 ||    10
 Stab: Sleeping          |       |       |     5 |     3 ||     8
